 Dungeon Crawl Stone Soup version 0.21.1-1-g345015f (webtiles) character file.

10082 nicolaieve the Severer (level 11, 0/91 HPs)
             Began as a Minotaur Berserker on June 18, 2018.
             Was a High Priest of Trog.
             Slain by a spiny frog (15 damage)
             ... on level 1 of the Lair of Beasts.
             The game lasted 00:40:55 (7497 turns).

nicolaieve the Severer (Minotaur Berserker)         Turns: 7497, Time: 00:40:58

Health: 0/91       AC: 18    Str: 30    XL:     11   Next: 31%
Magic:  10/10      EV:  9    Int:  4    God:    Trog [*****.]
Gold:   479        SH:  0    Dex: 10    Spells: 10/10 levels left

rFire    . . .     SeeInvis +   B - +8 war axe "Newtslayer" {venom, rElec rN+ Str+9 Dex-4}
rCold    . . .     Gourm    .   (no shield)
rNeg     + . .     Faith    .   M - +0 plate armour
rPois    .         Spirit   .   (helmet restricted)
rElec    +         Reflect  .   X - scarf {repulsion}
rCorr    .         Harm     .   (no gloves)
MR       ++...                  e - +0 pair of boots
Stlth    ..........             K - amulet of regeneration
HPRegen  1.65/turn              f - +2 ring of protection
MPRegen  0.12/turn              k - ring of see invisible

@: lethally poisoned (0 -> -12), berserk cooldown, regenerating, slowed, repel
missiles, very slow
A: retaliatory headbutt, horns 2
a: Berserk, Trog's Hand, Brothers in Arms, Burn Spellbooks, Renounce Religion


You were on level 1 of the Lair of Beasts.
You worshipped Trog.
Trog was extremely pleased with you.
You were near starving.

You visited 3 branches of the dungeon, and saw 12 of its levels.

You collected 479 gold pieces.

Inventory:

Hand Weapons
 a - a cursed -3 whip
 x - the +7 mace "Eguria" {crush, Str+3 Dex+4, unknown}
   (You took it off an orc on level 4 of the Dungeon)

   It inflicts extra damage upon your enemies.
   It affects your strength (+3).
   It affects your dexterity (+4).
 y - a +0 war axe
 B - the +8 war axe "Newtslayer" (weapon) {venom, rElec rN+ Str+9 Dex-4}
   (You found it on level 5 of the Dungeon)

   It poisons the flesh of those it strikes.
   It affects your strength (+9).
   It affects your dexterity (-4).
   It insulates you from electricity.
   It protects you from negative energy.
 J - a +0 whip of freezing
 T - a cursed -1 flail
 W - a +2 broad axe of chopping
Armour
 e - a +0 pair of boots (worn)
 t - a +0 chain mail
 M - a +0 plate armour (worn)
 X - a scarf of repulsion (worn)
Jewellery
 f - a +2 ring of protection (left hand)
 k - a ring of see invisible (right hand)
 C - an uncursed amulet of the gourmand
 K - an amulet of regeneration (around neck)
Wands
 r - a wand of random effects (28)
 H - a wand of iceblast (1)
 O - a wand of enslavement (14)
Scrolls
 h - 7 scrolls of remove curse
 l - 3 scrolls of teleportation {unknown}
 n - a scroll of enchant weapon {unknown}
 o - 5 scrolls of blinking {unknown}
 s - a scroll of amnesia {unknown}
 u - a scroll of fear {unknown}
 v - a scroll of enchant armour {unknown}
 A - a scroll of noise {unknown}
 D - a scroll of magic mapping {unknown}
 F - a scroll of summoning {unknown}
 L - a scroll of vulnerability {unknown}
 V - a scroll of random uselessness {unknown}
Potions
 d - a potion of invisibility
 i - 3 potions of cancellation
 j - 4 potions of curing
 m - a potion of resistance
 p - 6 potions of heal wounds
 q - a potion of might
 w - a potion of ambrosia
 z - a potion of brilliance
 E - a potion of mutation
 G - a potion of flight
 I - a potion of agility
 P - a potion of lignification
 Q - a potion of magic
 S - a potion of haste
Miscellaneous
 U - a lightning rod (4/4)
Comestibles
 c - 20 rations
 N - 10 chunks of flesh


   Skills:
 + Level 6.9 Fighting
 + Level 17.0 Axes
 + Level 10.2 Armour
 - Level 2.1 Dodging


You had 10 spell levels left.
You didn't know any spells.

Dungeon Overview and Level Annotations

Branches:
Dungeon (10/15)            Temple (1/1) D:7            Lair (1/6) D:10
    Orc: D:9-12

Altars:
Ashenzari
Cheibriados
Dithmenos
Elyvilon
Fedhas
Gozag
Hepliaklqana
Kikubaaqudgha
Makhleb
Nemelex Xobeh
Okawaru
Qazlal
Ru
Sif Muna
Trog
Uskayaw
Vehumet
Wu Jian
Xom
Yredelemnul
Zin
The Shining One

Shops:
D:10 *=}%[

Annotations:
D:4 exclusion: statue
Lair:1 exclusion: oklob plant, Harold


Innate Abilities, Weirdness & Mutations

You reflexively headbutt those who attack you in melee.
You have a pair of horns on your head.


Message History

The spiny frog is moderately wounded.
You feel very sick. The spiny frog barely misses you.
You slash the spiny frog!
You headbutt the spiny frog, but do no damage.
The spiny frog is heavily wounded.
You feel very sick. The spiny frog stings you!
* * * LOW HITPOINT WARNING * * *
You are lethally poisoned!
The spiny frog poisons you!
The spiny frog stings you but does no damage.
Your skin crawls.
You feel resistant to hostile enchantments.
You are near starving!
You feel very sick. The spiny frog stings you.
* * * LOW HITPOINT WARNING * * *
The spiny frog stings you!
You die...

................
................
#######.........
#########........)
#.(....#.....#####
#............#
#......#........
#......##....##..
#@#######....# #
#F# #....# .S.
....... .F...
...... .......
.... ........@
...........
.............


You could see Harold, a spiny frog, a water moccasin and a bullfrog.

Vanquished Creatures
  A two-headed ogre (D:10)
  The ghost of Rwicked the Basher, a novice MiBe of Trog (D:7)
  Pikel (D:7)
  Psyche (D:8)
  2 spiny frogs (Lair:1)
  A merfolk (D:10)
  Grinder (D:6)
  2 hippogriffs
  4 blink frogs (Lair:1)
  2 yaks (D:10)
  2 hungry ghosts
  4 vampire mosquitoes
  Edmund (D:5)
  A water moccasin (Lair:1)
  4 porcupines
  2 ice beasts
  2 orc warriors (D:10)
  5 sky beasts
  2 slaves (D:7)
  3 centaurs
  6 ogres
  3 phantoms
  2 crocodiles
  7 bullfrogs
  3 scorpions
  A water moccasin skeleton (D:5)
  3 howler monkeys (D:7)
  An electric eel (D:10)
  4 crimson imps
  5 hounds
  A quasit (D:10)
  2 centaur zombies
  A bullfrog zombie (D:7)
  2 centaur skeletons (D:4)
  4 orc priests
  4 jellies
  5 orc wizards
  A bullfrog skeleton (D:8)
  3 iguanas
  11 worker ants
  3 hound zombies
  2 hound skeletons
  Robin (D:2)
  7 gnolls
  6 adders
  3 shadow imps
  2 adder skeletons
  3 worms (D:3)
  3 dart slugs
  7 leopard geckos
  52 orcs
  3 bats
  7 giant cockroaches
  17 goblins
  11 hobgoblins
  4 jackals
  5 kobolds
  10 quokkas
  A ball python (D:2)
  3 frilled lizards
  A jackal skeleton (D:4)
  A quokka skeleton (D:7)
  A quokka zombie (D:6)
  4 rats
  A fungus (D:10)
  2 plants (D:10)
271 creatures vanquished.

Vanquished Creatures (others)
  An orc priest (D:7)
  2 orcs (D:7)
  23 fungi (D:10)
  5 plants
31 creatures vanquished.

Grand Total: 302 creatures vanquished

Notes
Turn   | Place    | Note
-------+----------+-------------------------------------------
     0 | D:1      | nicolaieve the Minotaur Berserker began the quest for the Orb.
     0 | D:1      | Reached XP level 1. HP: 19/19 MP: 0/0
    25 | D:1      | Reached skill level 4 in Axes
   125 | D:1      | Reached XP level 2. HP: 21/26 MP: 1/1
   348 | D:1      | Reached skill level 5 in Axes
   524 | D:2      | Reached XP level 3. HP: 31/31 MP: 2/2
   559 | D:2      | Found a burning altar of Makhleb.
   759 | D:2      | Reached ** piety under Trog
   857 | D:2      | Reached skill level 6 in Axes
   857 | D:2      | Reached XP level 4. HP: 39/39 MP: 3/3
   897 | D:2      | Noticed Robin
   910 | D:2      | Killed Robin
  1557 | D:3      | Reached skill level 7 in Axes
  1557 | D:3      | Reached XP level 5. HP: 35/45 MP: 4/4
  1997 | D:4      | Reached skill level 8 in Axes
  2091 | D:4      | Reached XP level 6. HP: 41/51 MP: 5/5
  2273 | D:4      | Reached *** piety under Trog
  2289 | D:4      | Found a radiant altar of Vehumet.
  2297 | D:4      | Reached skill level 9 in Axes
  2479 | D:4      | Got a scorched mace {crush}
  2517 | D:4      | Reached XP level 7. HP: 57/57 MP: 6/6
  2518 | D:4      | Found a glowing golden altar of the Shining One.
  2622 | D:4      | Found a shadowy altar of Dithmenos.
  2678 | D:4      | Found a blossoming altar of Fedhas.
  2678 | D:4      | Found a hazy altar of Hepliaklqana.
  2788 | D:5      | Entered Level 5 of the Dungeon
  2829 | D:5      | Reached skill level 10 in Axes
  2891 | D:5      | Noticed Edmund
  2897 | D:5      | Killed Edmund
  2922 | D:5      | Reached skill level 11 in Axes
  3024 | D:5      | Reached XP level 8. HP: 53/64 MP: 7/7
  3045 | D:5      | Got a faintly glowing war axe
  3046 | D:5      | Identified the +8 war axe "Newtslayer" {venom, rElec rN+ Str+9 Dex-4} (You found it on level 5 of the Dungeon)
  3081 | D:5      | Reached skill level 12 in Axes
  3353 | D:5      | Found a hide-covered altar of Uskayaw.
  3462 | D:6      | Found an ornate altar of the Wu Jian Council.
  3618 | D:6      | Noticed Grinder
  3622 | D:6      | Killed Grinder
  3622 | D:6      | Reached **** piety under Trog
  3713 | D:6      | Reached skill level 13 in Axes
  4106 | D:7      | Noticed Rwicked's ghost (novice MiBe)
  4117 | D:7      | Killed Rwicked's ghost
  4117 | D:7      | Reached skill level 14 in Axes
  4117 | D:7      | Reached XP level 9. HP: 20/71 MP: 8/8
  4229 | D:7      | Found a staircase to the Ecumenical Temple.
  4235 | Temple   | Entered the Ecumenical Temple
  4298 | D:7      | Noticed Pikel
  4313 | D:7      | Killed Pikel
  4313 | D:7      | Reached skill level 5 in Armour
  4339 | D:7      | Reached skill level 15 in Axes
  4510 | D:7      | Found a deep blue altar of Sif Muna.
  4985 | D:8      | Noticed Psyche
  4989 | D:8      | Killed Psyche
  4989 | D:8      | Reached XP level 10. HP: 78/78 MP: 9/9
  4999 | D:8      | Reached ***** piety under Trog
  5933 | D:9      | Reached skill level 16 in Axes
  6366 | D:10     | Entered Level 10 of the Dungeon
  6371 | D:10     | Found Gout's Food Emporium.
  6398 | D:10     | Found Xoucy's Antique Armour Emporium.
  6539 | D:10     | Noticed a two-headed ogre
  6545 | D:10     | Killed a two-headed ogre
  6631 | D:10     | Received a gift from Trog
  6634 | D:10     | Reached skill level 5 in Fighting
  6677 | D:10     | Found Kune Veu's Gadget Boutique.
  6937 | D:10     | Found a staircase to the Lair.
  6946 | D:10     | Reached XP level 11. HP: 82/88 MP: 10/10
  6971 | D:10     | Found Ysuver's Assorted Antiques.
  6982 | D:10     | Found Ympoluc's Jewellery Shop.
  7163 | Lair:1   | Entered Level 1 of the Lair of Beasts
  7338 | Lair:1   | Noticed an oklob plant
  7408 | Lair:1   | Reached skill level 10 in Armour
  7435 | Lair:1   | Reached skill level 17 in Axes
  7486 | Lair:1   | Noticed Harold
  7497 | Lair:1   | Slain by a spiny frog

Skill      XL: |  1  2  3  4  5  6  7  8  9 10 11 |
---------------+----------------------------------+-----
Axes           | 4 5 6 7 8 9 11 14 15 16 17 | 17.0
Fighting       | 4 5 6 |  6.9
Armour         | 4 5 9 10 | 10.2
Dodging        | |  2.1

Action                   |  1- 3 |  4- 6 |  7- 9 | 10-12 || total
-------------------------+-------+-------+-------+-------++-------
Melee: Hand axe          |    66 |   147 |    76 |       ||   289
       Headbutt          |     9 |    32 |    42 |    43 ||   126
       War axe           |       |       |   120 |   199 ||   319
Invok: Berserk           |       |     1 |     4 |     1 ||     6
       Burn Spellbooks   |       |       |     1 |     1 ||     2
       Trog's Hand       |       |       |       |     1 ||     1
  Use: Scroll            |       |       |    10 |     5 ||    15
  Eat: Chunk             |       |     6 |    22 |     1 ||    29
Armor: Ring mail         |    19 |    46 |    48 |       ||   113
       Chain mail        |       |       |    15 |    67 ||    82
       Plate armour      |       |       |       |    10 ||    10
Dodge: Dodged            |    24 |    58 |    92 |    72 ||   246
       Deflected         |       |       |       |     3 ||     3
